 Dungeon Crawl Stone Soup version 0.31-a0-117-g42d8f58691 (webtiles) character file.

Game seed: 9006565795402639972

18 lunkers the Slasher (level 2, -6/25 HPs)
             Began as a Demigod Fighter on May 30, 2023.
             Killed by divine providence
             ... invoked by an orc priest
              (12 damage)
             ... on level 4 of the Dungeon.
             The game lasted 00:00:47 (600 turns).

lunkers the Slasher (Demigod Fighter)                Turns: 600, Time: 00:00:48

Health: -6/25      AC:  6    Str: 17    XL:     2   Next: 36%
Magic:  4/4        EV:  9    Int: 10    God:
Gold:   38         SH:  4    Dex: 13    Spells: 1/1 levels left

rFire   . . .        a - +0 long sword
rCold   . . .        c - +0 buckler
rNeg    . . .        b - +0 scale mail
rPois   .            (no helmet)
rElec   .            (no cloak)
rCorr   .            (no gloves)
SInv    .            (no boots)
Will    .....        (no amulet) Stlth
                     (no ring)
HPRegen 0.24/turn    (no ring)
MPRegen 0.09/turn

%: no passive effects
@: no status effects
A: high MP 1, forlorn, divine attributes
a: no special abilities


You were on level 4 of the Dungeon.
You visited 1 branch of the dungeon, and saw 3 of its levels.

You collected 38 gold pieces.

Inventory:

Hand Weapons
 a - a +0 long sword (weapon)
Armour
 b - a +0 scale mail (worn)
 c - a +0 buckler (worn)
Jewellery
 h - a +6 ring of intelligence
Scrolls
 e - a scroll of poison {unknown}
Potions
 d - a potion of might
 f - 2 potions of degeneration {unknown}
 g - 2 potions of invisibility {unknown}


   Skills:
 - Level 2.6 Fighting
 + Level 2.9 Long Blades
 - Level 2.6 Armour
 - Level 2.6 Shields


You had one spell level left.
You didn't know any spells.
Your spell library contained the following spells:

 Spells                   Type           Power      Damage    Failure   Level
 Summon Small Mammal      Summ           0%         N/A       86%         1
 Call Canine Familiar     Summ           0%         N/A       99%         3
 Summon Guardian Golem    Hex/Summ       0%         N/A       99%         3
 Cause Fear               Hex            0%         N/A       100%        4
 Dragon Form              Tmut           0%         N/A       100%        7
 Dragon's Call            Summ           0%         N/A       100%        9


Dungeon Overview and Level Annotations

Branches:
Dungeon (2/15)

Shops:
D:1 =


Innate Abilities, Weirdness & Mutations

You have an increased reservoir of magic. (+10% MP)
You shall have no god before yourself.
Your divine heritage dramatically boosts your attributes as you level up.


Message History

You kill the kobold!
Things that are here:
a +0 short sword; a kobold corpse HP restored.
Things that are here:
a +0 club; a goblin corpse An endoplasm comes into view.
The endoplasm quivers.
An endoplasm is nearby!
A sourceless malevolence fills the Dungeon...
You fall into a shaft and drop 2 floors!
The shaft crumbles and collapses. 2 orc priests come into view.
Found 2 gold pieces.
The orc priest shouts! x2; You hear a shout! x5
The orc priest moves out of view.
You hear a shout! x3
You barely miss the orc priest. The orc priest hits you with a +0 whip.
You hit the orc priest.
The orc priest is moderately wounded.
The orc priest mumbles some strange prayers to Beogh against you.
You barely resist.
The orc priest looks braver for a moment.
There are monsters nearby!
You barely miss the orc priest.
The orc priest is moderately wounded.
The orc priest invokes the aid of Beogh against you.
Beogh smites you!
Ouch! That really hurt!
* * * LOW HITPOINT WARNING * * *
You barely miss the orc priest.
The orc priest is moderately wounded.
The orc priest closely misses you. The orc priest hits you with a +0 whip.
* * * LOW HITPOINT WARNING * * *
The orc priest looks braver for a moment.
You hit the orc priest.
The orc priest is moderately wounded.
The orc priest invokes the aid of Beogh against you.
Beogh smites you!
You die...

#.. #.# #.#
#########.#
#######..........
........#######.#
######..#.$..oo.#
##.# #@# #.# #.#
#.# #.# #.# #.#
#.# #.#
#.#######.#
#.........#
#.######### ###


You could see 2 orc priests.

Vanquished Creatures
  A ball python (D:1)
  A bat (D:2)
  2 endoplasms (D:1)
  3 goblins
  2 hobgoblins
  2 jackals (D:1)
  A quokka (D:1)
  2 kobolds
  A rat (D:1)
15 creatures vanquished.

Notes
Turn   | Place    | Note
-------+----------+-------------------------------------------
     0 | D:1      | lunkers the Demigod Fighter began the quest for the Orb.
     0 | D:1      | Reached XP level 1. HP: 18/18 MP: 3/3
   300 | D:1      | Found Cafoderio's Jewellery Boutique.
   311 | D:1      | Reached XP level 2. HP: 21/25 MP: 4/4
   570 | D:2      | You fall into a shaft and drop 2 floors!
   600 | D:4      | Killed from afar by an orc priest

Illustrated notes

Levels and vault maps discovered:
D:1:      doesnt_arrival_eight_statues, layout_loops_ring, serial_shops,
          nicolae_shop_trees, palyth_stone_intersect
D:2:      layout_loops_ring, hellmonk_ecumenical_altar_arch_garden, uniq_natasha
D:4:      layout_basic, tgw_kikubaaqudgha, minmay_temple_entry_purple_smoke,
          minmay_rat_hole, uniq_duvessa

Skill      XL: |  1 |
---------------+----+-----
Long Blades    | 2 |  2.9
Fighting       | |  2.6
Armour         | |  2.6
Shields        | |  2.6

Action                     || total
---------------------------++-------
  Melee: Long sword        ||    42
 Armour: Scale mail        ||    18
  Dodge: Dodged            ||    18
  Block: Buckler           ||     6

Table legend: (Time is in decaauts)
 A = Elapsed time spent in this place.
 B = Non-inter-level travel time spent in this place.
 C = Inter-level travel time spent in this place.
 D = Time resting spent in this place.
 E = Time spent auto-exploring this place.
 F = Levels seen in this place.
 G = Mean time per level.
                   A        B        C        D        E       F      G
               +--------+--------+--------+--------+--------+-----+--------+
         Total |    613 |    558 |     55 |      0 |    441 |   3 |  204.3 |
       Dungeon |    613 |    558 |     55 |      0 |    441 |   3 |  204.3 |
               +--------+--------+--------+--------+--------+-----+--------+

Top non-repeatable levels by time:
     D:1: 467 daAuts
     D:2: 115 daAuts
     D:4: 30 daAuts
